 Dungeon Crawl Stone Soup version 0.28.0-43-g3370ac3207 (webtiles) character file.

Game seed: 3063093412822986360

3 terff the Sneak (level 1, -1/14 HPs)
             Began as an Octopode Brigand on Mar 20, 2022.
             Slain by a jackal (2 damage)
             ... on level 1 of the Dungeon.
             The game lasted 00:00:16 (61 turns).

terff the Sneak (Octopode Brigand)                    Turns: 61, Time: 00:00:17

Health: -1/14      AC:  1    Str: 10    XL:     1   Next: 50%
Magic:  1/1        EV: 12    Int: 13    God:
Gold:   0          SH:  0    Dex: 13    Spells: 0/0 levels left

rFire   . . .      SeeInvis .   a - +2 dagger
rCold   . . .      Faith    .   (no shield)
rNeg    . . .      Spirit   .   (helmet restricted)
rPois   .          Reflect  .   (no amulet)
rElec   .          Harm     .   (no ring)
rCorr   .          Rampage  .   (no ring)
Will    .....                   (no ring)
Stlth   ++++......              (no ring)
HPRegen 0.04/turn               (no ring)
MPRegen 0.07/turn               (no ring)
                                (no ring)
                                (no ring)

@: no status effects
A: almost no armour, amphibious, 8 rings, camouflage 1, gelatinous body 1,
(nimble swimmer 1), tentacles
a: no special abilities


You were on level 1 of the Dungeon.
You visited 1 branch of the dungeon, and saw 1 of its levels.

Inventory:

Hand Weapons
 a - a +2 dagger (weapon)
Missiles
 b - 8 poisoned darts (quivered)
 c - 2 curare-tipped darts


   Skills:
 + Level 2.0 Fighting
 + Level 2.0 Short Blades
 + Level 2.0 Throwing
 + Level 1.0 Dodging
 + Level 5.6 Stealth


You couldn't memorise any spells.
You didn't know any spells.
Your spell library was empty.

Dungeon Overview and Level Annotations

Branches:
Dungeon (1/15)

Altars:


Innate Abilities, Weirdness & Mutations

You cannot wear most types of armour.
You are amphibious.
You can wear up to eight rings at the same time.
Your skin changes colour to match your surroundings (Stealth+).
Your rubbery body absorbs attacks. (AC +1, EV +1)
((You are camouflaged when in or above water. (Stealth+)))
You have tentacles for arms and can constrict up to eight enemies at once.


Message History

You impale the kobold!!
You kill the kobold!
You see here a +0 short sword.
Found a hunting sling.
A jackal comes into view. 2 jackals come into view.
You see here a +0 hunting sling.
Found a cyan potion.
The jackal barks! x2
The jackal bites you.
You closely miss the jackal. You grab the jackal. You constrict the jackal.
The jackal bites you.
You hit the jackal but do no damage.
The jackal is moderately wounded.
You constrict the jackal, but do no damage.
The jackal closely misses you.
A giant cockroach comes into view.
The jackal bites you. x2
You closely miss the jackal. Your grab misses the jackal.
You constrict the jackal.
A dart slug comes into view.
The jackal closely misses you.
You barely miss the jackal. Your grab misses the jackal.
Your squeeze misses the jackal. You constrict the jackal.
The jackal misses you. The jackal bites you.
* * * LOW HITPOINT WARNING * * *
The jackal barely misses you.
You hit the jackal but do no damage. You grab the jackal.
You squeeze the jackal.
The jackal is heavily wounded.
You constrict the jackal.
You constrict the jackal, but do no damage.
The jackal barely misses you. The jackal closely misses you.
The jackal bites you but does no damage.
You hit the jackal but do no damage. You squeeze the jackal.
You kill the jackal!
You constrict the jackal. The jackal barely misses you. The jackal bites you.
* * * LOW HITPOINT WARNING * * *
The jackal misses you. The jackal bites you.
You die...

### ## ##.##..#..
#.@hB.....
##h#...... #.#
⌠.... #.# ...§
#.# w.. #.# #!. #
#.# .# .
..###.###.###.#
..............###


You could see a dart slug, 2 jackals and a giant cockroach.

Vanquished Creatures
  A hobgoblin (D:1)
  A jackal (D:1)
  A kobold (D:1)
  A frilled lizard (D:1)
4 creatures vanquished.

Notes
Turn   | Place    | Note
-------+----------+-------------------------------------------
     0 | D:1      | terff the Octopode Brigand began the quest for the Orb.
     0 | D:1      | Reached XP level 1. HP: 14/14 MP: 1/1
    61 | D:1      | Slain by a jackal

Illustrated notes

Levels and vault maps discovered:
D:1:      dpeg_arrival_pond, layout_loops_ring,
          hellmonk_ecumenical_altar_defaced_shrine, minmay_close_crescents

Action                   || total
-------------------------++-------
Melee: Dagger            ||     9
       Constrict         ||     2
       Tentacles         ||     2
 Stab: Sleeping          ||     3
Armor: Skin              ||     1
Dodge: Dodged            ||     8
